 Dungeon Crawl Stone Soup version 0.22.0-38-g04b72b8 (webtiles) character file.

68 Inarius the Slasher (level 4, -6/34 HPs)
             Began as a Demonspawn Gladiator on Aug 30, 2018.
             Killed from afar by an orc wizard (10 damage)
             ... with a magic dart
             ... on level 3 of the Dungeon.
             The game lasted 00:03:12 (1941 turns).

Inarius the Slasher (Demonspawn Gladiator)          Turns: 1941, Time: 00:03:13

Health: -6/34      AC:  6    Str: 21    XL:     4   Next: 1%
Magic:  4/4        EV: 13    Int:  9    God:
Gold:   89         SH:  0    Dex: 14    Spells: 3/3 levels left

rFire    . . .     SeeInvis .   c - -2 dagger (curse)
rCold    . . .     Gourm    .   (no shield)
rNeg     . . .     Faith    .   q - +0 leather armour (curse)
rPois    .         Spirit   .   (helmet restricted)
rElec    .         Reflect  .   m - +0 cloak
rCorr    .         Harm     .   (no gloves)
MR       .....                  (no boots)
Stlth    +.........             (no amulet)
HPRegen  0.11/turn              (no ring)
MPRegen  0.09/turn              (no ring)

@: mighty
A: antennae 1, yellow scales 1
a: no special abilities


You were on level 3 of the Dungeon.
You were hungry.

You visited 1 branch of the dungeon, and saw 3 of its levels.

You collected 89 gold pieces.

Inventory:

Hand Weapons
 a - a +0 long sword
 c - a cursed -2 dagger (weapon)
Missiles
 d - 3 throwing nets (quivered)
Armour
 m - a +0 cloak (worn)
 o - a +0 chain mail
 q - a cursed +0 leather armour (worn)
Wands
 p - a wand of random effects (18)
Scrolls
 e - a scroll of amnesia
 g - a scroll of magic mapping
 i - a scroll of immolation
Potions
 b - a potion of heal wounds {unknown}
 k - a potion of might
 l - a potion of agility {unknown}
 n - a potion of resistance {unknown}
Comestibles
 f - 5 rations
 h - a chunk of flesh


   Skills:
 + Level 2.4 Fighting
 + Level 3.6 Long Blades
 - Level 1.7 Throwing
 + Level 1.2 Armour
 + Level 3.1 Dodging


You had 3 spell levels left.
You didn't know any spells.
Your spell library was empty.

Dungeon Overview and Level Annotations

Branches:
Dungeon (3/15)

Altars:
Dithmenos


Innate Abilities, Weirdness & Mutations

You have a pair of small antennae on your head.
You are partially covered in yellow scales. (AC +2)


Message History

You closely miss something.
You hear some strange, mumbled words.
A magic dart appears from out of thin air!
The magic dart hits you!
You barely miss something. Something hits you but does no damage.
You hit something but do no damage. Something hits you but does no damage.
The orc wizard casts a spell at you. Something hits you.
You barely miss something. Something hits you but does no damage.
You hit something but do no damage.
You hear some strange, mumbled words.
A puff of frost appears from out of thin air!
The puff of frost hits you!
* * * LOW HITPOINT WARNING * * *
It was a potion of might.
You feel very mighty all of a sudden.
You hear some strange, mumbled words.
A magic dart appears from out of thin air!
The magic dart hits you!
You die...

#######
#.# #.#
## #.#
.#
#>####
.#
#....#
<#
####.#
.# #.#
.# #.#
.# #@#
.# #{#
## #o#


go. o#. #. #. #$ # #. You could see an orc wizard, 2 orcs and a goblin.

Vanquished Creatures
  2 worms (D:2)
  3 dart slugs
  A leopard gecko (D:3)
  An orc (D:3)
  A ball python (D:2)
  2 giant cockroaches
  13 goblins
  9 hobgoblins
  A quokka (D:2)
  7 bats
  2 frilled lizards (D:2)
  5 kobolds
  3 rats
50 creatures vanquished.

Notes
Turn   | Place    | Note
-------+----------+-------------------------------------------
     0 | D:1      | Inarius the Demonspawn Gladiator began the quest for the Orb.
     0 | D:1      | Reached XP level 1. HP: 16/16 MP: 1/1
   255 | D:1      | Gained mutation: You are partially covered in yellow scales. (AC +2) [demonic ancestry]
   255 | D:1      | Reached XP level 2. HP: 22/22 MP: 2/2
   854 | D:2      | Gained mutation: You have a pair of small antennae on your head. [demonic ancestry]
   854 | D:2      | Reached XP level 3. HP: 25/27 MP: 3/3
   958 | D:2      | Found a shadowy altar of Dithmenos.
  1006 | D:2      | Reached skill level 1 in Armour
  1920 | D:3      | Reached XP level 4. HP: 28/34 MP: 4/4
  1941 | D:3      | Killed from afar by an orc wizard

Skill      XL: |  1  2  3 |
---------------+----------+-----
Long Blades    | 3 |  3.6
Dodging        | 3 |  3.1
Armour         | 1 |  1.2
Fighting       | |  2.4
Throwing       | |  1.7

Action                   |  1- 3 |  4- 6 || total
-------------------------+-------+-------++-------
Melee: Long sword        |   103 |       ||   103
       Dagger            |    77 |    19 ||    96
  Use: Scroll            |     3 |       ||     3
       Potion            |       |     1 ||     1
  Eat: Chunk             |     3 |       ||     3
Armor: Leather armour    |    52 |     9 ||    61
       Chain mail        |    25 |       ||    25
Dodge: Dodged            |   136 |     2 ||   138
       Rpst.: Long sword |    28 |       ||    28
